 Dungeon Crawl Stone Soup version 0.29-a0-219-g0a02b1cf4f (webtiles) character file.

Game seed: 5560169819854304593

219 Hasart the Bolt Thrower (level 5, 0/41 (42) HPs)
             Began as a Demigod Hunter on Feb 25, 2022.
             Slain by a kobold brigand
             ... wielding a +0 dagger
              (2 damage)
             ... in a sewer.
             The game lasted 00:04:34 (2074 turns).

Hasart the Bolt Thrower (Demigod Hunter)            Turns: 2074, Time: 00:04:35

HP:   0/41 (42)     AC:  6    Str: 13    XL:     5   Next: 36%
MP:   7/7           EV: 12    Int: 13    God:
Gold: 157           SH:  0    Dex: 18    Spells: 4/4 levels left

rFire   . . .      SeeInvis +   a - +1 hand crossbow
rCold   . . .      Faith    .   (no shield)
rNeg    . . .      Spirit   .   b - +0 leather armour
rPois   .          Reflect  .   k - +0 helmet
rElec   .          Harm     .   l - +0 cloak
rCorr   .          Rampage  .   (no gloves)
Will    .....                   f - +0 pair of boots
Stlth   ++........              (no amulet)
HPRegen 0.13/turn               h - ring of see invisible
MPRegen 0.10/turn               (no ring)

@: slowed, lightly drained, very slow
A: high MP 1, forlorn, divine attributes
a: no special abilities


You were in a sewer.
You visited 1 branch of the dungeon, and saw 3 of its levels.
You also visited: Sewer.

You collected 157 gold pieces.

Inventory:

Hand Weapons
 a - a +1 hand crossbow (weapon)
Armour
 b - a +0 leather armour (worn)
 f - a +0 pair of boots (worn)
 k - a +0 helmet (worn)
 l - a +0 cloak (worn)
Jewellery
 h - a ring of see invisible (left hand)
 i - a +6 ring of intelligence
Scrolls
 d - 6 scrolls of identify {unknown}
 e - 3 scrolls of teleportation {unknown}
 g - a scroll of amnesia {unknown}
 j - a scroll of immolation {unknown}
 m - a scroll of enchant weapon {unknown}
 p - a scroll of summoning {unknown}
Potions
 o - a potion of flight


   Skills:
 + Level 2.7 Fighting
 * Level 4.9 Crossbows
 + Level 2.8 Dodging
 + Level 2.5 Stealth


You had 4 spell levels left.
You didn't know any spells.
Your spell library contained the following spells:

 Spells                   Type           Power      Damage    Failure   Level
 Gell's Gravitas          Tloc           0%         N/A       75%         3
 Lesser Beckoning         Tloc           0%         N/A       75%         3
 Teleport Other           Tloc           0%         N/A       75%         3


Dungeon Overview and Level Annotations

Branches:
Dungeon (3/15)              Sewer (1/1)

Annotations:
Sewer Grinder


Innate Abilities, Weirdness & Mutations

You have an increased reservoir of magic. (+10% MP)
You shall have no god before yourself.
Your divine heritage dramatically boosts your attributes as you level up.


Message History

You have difficulty breathing.
* * * LOW HITPOINT WARNING * * *
You feel yourself slow down.
You feel better.
The kobold brigand hits you with a +0 dagger.
* * * LOW HITPOINT WARNING * * *
Unknown command.
Shoot: a) +1 hand crossbow
Press: ? - help, Q - select action Shift-Dir - straight line, f/p - kobold brigand
Aim: a kobold brigand, wielding a +0 dagger and quivering curare-tipped darts (60% to hit)
You shoot a bolt.
The bolt closely misses the kobold brigand.
The kobold brigand hits you but does no damage. x2
Shoot: a) +1 hand crossbow
Press: ? - help, Q - select action Shift-Dir - straight line, f/p - kobold brigand
Aim: a kobold brigand, wielding a +0 dagger and quivering curare-tipped darts (60% to hit)
You shoot a bolt. The bolt hits the kobold brigand!
The kobold brigand is moderately wounded.
You float gracefully downwards.
The kobold brigand barely misses you.
The kobold brigand hits you with a +0 dagger.
* * * LOW HITPOINT WARNING * * *
Shoot: a) +1 hand crossbow
Press: ? - help, Q - select action Shift-Dir - straight line, f/p - kobold brigand
Aim: a kobold brigand, wielding a +0 dagger and quivering curare-tipped darts (moderately wounded, 60% to hit)
You shoot a bolt. The bolt hits the kobold brigand!
The kobold brigand is severely wounded.
The kobold brigand hits you with a +0 dagger.
* * * LOW HITPOINT WARNING * * *
The shadow imp hits you.
* * * LOW HITPOINT WARNING * * *
The kobold brigand misses you. The shadow imp closely misses you.
Unknown command.
Shoot: a) +1 hand crossbow
Press: ? - help, Q - select action Shift-Dir - straight line, f/p - kobold brigand
Aim: a kobold brigand, wielding a +0 dagger and quivering curare-tipped darts (heavily wounded, 60% to hit)
You shoot a bolt.
The bolt closely misses the kobold brigand.
The kobold brigand barely misses you. The shadow imp misses you.
The kobold brigand hits you with a +0 dagger.
You die...

######################
≈≈≈≈≈≈≈≈≈≈≈≈≈≈≈≈.')≈≈#
≈≈≈≈≈≈≈≈≈≈≈≈≈≈≈5K#.)≈#
≈≈≈≈≈≈≈≈≈≈≈≈≈≈≈)@#K)≈#
≈≈≈≈≈≈≈≈≈≈≈≈≈≈≈≈.#).≈#
≈≈≈≈≈≈≈≈≈≈≈≈≈≈≈).#).≈#
≈≈≈≈≈≈≈≈≈≈≈≈≈≈...#.≈≈#
####≈##≈##≈###.####.##
.#.............≈≈#.5.#
.........).5..≈≈≈≈...'.
.#.............≈≈#..5#..
.####≈#≈≈###≈#5###
5###..§


You could see a kobold brigand and a shadow imp.

Vanquished Creatures
  A kobold brigand (Sewer)
  Jessica (D:3)
  2 adders (D:3)
  A shadow imp (Sewer)
  4 ufetubi (Sewer)
  A dart slug (D:1)
  An orc (D:3)
  3 endoplasms
  8 giant cockroaches
  9 goblins
  5 hobgoblins
  20 kobolds
  2 quokkas (D:1)
  4 ball pythons
  3 bats
  4 frilled lizards
  7 rats
76 creatures vanquished.

Vanquished Creatures (others)
  A kobold zombie (Sewer)
1 creature vanquished.

Grand Total: 77 creatures vanquished

Notes
Turn   | Place    | Note
-------+----------+-------------------------------------------
     0 | D:1      | Hasart the Demigod Hunter began the quest for the Orb.
     0 | D:1      | Reached XP level 1. HP: 17/17 MP: 3/3
    45 | D:1      | Reached skill level 1 in Stealth
   260 | D:1      | Reached XP level 2. HP: 24/24 MP: 4/4
   425 | D:1      | Reached skill level 4 in Crossbows
   755 | D:2      | Reached XP level 3. HP: 13/29 MP: 5/5
  1437 | D:3      | Noticed Jessica
  1439 | D:3      | Killed Jessica
  1528 | D:3      | Reached XP level 4. HP: 37/37 MP: 6/6
  1705 | D:3      | Found a glowing drain.
  1728 | Sewer    | Entered a sewer
  1990 | Sewer    | Noticed Grinder
  2009 | Sewer    | Noticed a kobold brigand
  2052 | Sewer    | Killed a kobold brigand
  2053 | Sewer    | Reached XP level 5. HP: 12/42 MP: 7/7
  2073 | Sewer    | HP: 1/41 [shadow imp (4)]
  2074 | Sewer    | Slain by a kobold brigand

Illustrated notes

Levels and vault maps discovered:
D:1:      erik_arrival_triangle_small, layout_rooms,
          nicolae_ecumenical_lake_church, nrook_loot_triangle
D:2:      layout_rooms
D:3:      layout_basic, mainiacjoe_overflow_alcove_4,
          mainiacjoe_overflow_boulevard, lemuel_round_altar,
          portal_sewer_entry_c, uniq_jessica
Sewer:    kennysheep_sewer_church

Skill      XL: |  1  2  3  4 |
---------------+-------------+-----
Stealth        | 1 2 |  2.5
Fighting       | 2 |  2.7
Dodging        | 2 |  2.8
Crossbows      | 4 |  4.9

Action                   |  1- 3 |  4- 6 || total
-------------------------+-------+-------++-------
 Fire: Hand crossbow     |   118 |   127 ||   245
  Use: Potion            |       |     6 ||     6
Armor: Leather armour    |    22 |    86 ||   108
Dodge: Dodged            |    38 |   127 ||   165

Table legend: (Time is in decaauts)
 A = Elapsed time spent in this place.
 B = Non-inter-level travel time spent in this place.
 C = Inter-level travel time spent in this place.
 D = Time resting spent in this place.
 E = Time spent auto-exploring this place.
 F = Levels seen in this place.
 G = Mean time per level.
                   A        B        C        D        E       F      G
               +--------+--------+--------+--------+--------+-----+--------+
         Total |   2157 |   2102 |     55 |    246 |   1323 |   4 |  539.2 |
       Dungeon |   1777 |   1722 |     55 |    169 |   1211 |   3 |  592.3 |
         Sewer |    380 |    380 |      0 |     77 |    111 |   1 |  380.0 |
               +--------+--------+--------+--------+--------+-----+--------+

Top non-repeatable levels by time:
     D:1: 753 daAuts
     D:2: 715 daAuts
   Sewer: 380 daAuts
     D:3: 307 daAuts
